 Dungeon Crawl Stone Soup version 0.31-a0-176-g91f28db67f (webtiles) character file.

Game seed: 15507402988781634502

650 qw the Chopper (level 7, -3/43 HPs)
             Began as a Gargoyle Fighter on June 17, 2023.
             Slain by a yak (5 damage)
             ... on level 6 of the Dungeon.
             The game lasted 00:01:41 (4741 turns).

qw the Chopper (Gargoyle Fighter)                   Turns: 4741, Time: 00:01:42

Health: -3/43      AC: 24    Str: 22    XL:     7   Next: 53%
Magic:  7/7        EV:  8    Int:  8    God:
Gold:   133        SH:  4    Dex:  9    Spells: 6/6 levels left

rFire   . . .        Y - +0 war axe (protect)
rCold   . . .        c - +0 buckler
rNeg    + . .        s - +0 chain mail
rPois   inf          f - +1 hat
rElec   +            (no cloak)
rCorr   .            (no gloves)
SInv    .            m - +1 pair of boots
Will    .....        (no amulet) Stlth
                     (no ring)
HPRegen 0.27/turn    (no ring)
MPRegen 0.10/turn

%: no passive effects
@: under a protective aura
A: sickness immunity, AC +4, negative energy resistance 1, electricity
resistance, torment resistance 1, petrification resistance
a: no special abilities


You were on level 6 of the Dungeon.
You visited 1 branch of the dungeon, and saw 6 of its levels.

You collected 282 gold pieces.
You spent 149 gold pieces at shops.


Innate Abilities, Weirdness & Mutations

You are immune to sickness and miasma.
Your stone body is resilient. (AC +4)
You are immune to poison.
You resist negative energy. (rN+)
You are resistant to electric shocks. (rElec)
You are resistant to unholy torment.
You are immune to petrification.


   Skills:
 - Level 4.0 Fighting
 + Level 6.9 Axes
 - Level 1.0 Throwing
 - Level 3.2 Armour
 - Level 1.0 Dodging
 - Level 3.2 Shields


You had 6 spell levels left.
You didn't know any spells.
Your spell library was empty.

Inventory:

Hand Weapons
 l - a +0 morningstar
 Y - a +0 war axe of protection (weapon)
Missiles
 j - 7 boomerangs (quivered)
Armour
 c - a +0 buckler (worn)
 f - a +1 hat (worn)
 m - a +1 pair of boots (worn)
 s - a +0 chain mail (worn)
Scrolls
 o - a scroll of identify
Potions
 d - 2 potions of might
 g - a potion of degeneration {unknown}
 h - 2 potions of haste
 i - a potion of heal wounds {unknown}
 k - a potion of enlightenment
 q - a potion of mutation {unknown}
 r - 2 potions of curing

Dungeon Overview and Level Annotations

Branches:
Dungeon (6/15)
 Temple: D:4-7

Altars:

Shops:
D:5 [


Message History

You barely miss the yak. You slash the yak! The yak closely misses you.
You block the yak's attack. The yak gores you but does no damage.
The yak gores you.
The yak gores you but does no damage. x2; The yak closely misses you.
You barely miss the yak.
The yak is heavily wounded.
You hit the yak but do no damage. You barely miss the yak. You hit the yak.
The yak gores you! The yak barely misses you.
The yak gores you but does no damage. x2
You barely miss the yak.
The yak is heavily wounded.
You hit the yak. You barely miss the yak. You hit the yak. The yak gores you!
The yak barely misses you. You block the yak's attack.
The yak gores you but does no damage.
You hit the yak.
The yak is heavily wounded.
You hit the yak. You hit the yak but do no damage. You barely miss the yak.
The yak barely misses you. The yak gores you but does no damage.
The yak barely misses you. The yak gores you.
You slash the yak!
The yak is severely wounded.
You hit the yak but do no damage. You hit the yak. You closely miss the yak.
You block the yak's attack.
The yak gores you but does no damage. x2
The yak closely misses you.
You hit the yak but do no damage.
The yak is severely wounded.
You barely miss the yak. You closely miss the yak. You hit the yak.
The yak gores you but does no damage. You block the yak's attack.
The yak gores you but does no damage. x2; The yak barely misses you.
The yak gores you. x2; The yak gores you but does no damage.
You barely miss the yak.
The yak is severely wounded.
You barely miss the yak. You slash the yak! You hit the yak but do no damage.
The yak barely misses you.
The yak gores you but does no damage. x2
You block the yak's attack.
You hit the yak.
The yak is severely wounded.
You slash the yak! You hit the yak. You barely miss the yak.
The yak gores you but does no damage. x3; The yak gores you.
You die...

..........# #.........#
...........# #.........#
...........# #..........
...........###..........
........................
...........###########..
.............).....#.#..
#..........######.#....
####.Y@..#.# #...#.#..
#.YYY.#.####.###.##.
................<.....
..#.#.....#.###.........
.........#.............
## ..........##.........
#..........##.....###.
#..(.(.....##.....# #.
#..........# #.


You could see 4 yaks.

Vanquished Creatures
  An ice beast (D:5)
  A bullfrog (D:6)
  A howler monkey (D:5)
  2 sleepcaps
  A hound (D:5)
  An orc priest (D:4)
  An orc wizard (D:4)
  Natasha (twice) (D:2)
  2 iguanas
  10 adders
  A white imp (D:5)
  2 ufetubi (D:4)
  4 dart slugs
  3 worms
  8 orcs
  10 ball pythons
  6 endoplasms
  6 giant cockroaches
  9 goblins
  3 hobgoblins
  6 kobolds
  3 quokkas
  8 bats
  6 frilled lizards
  5 rats
102 creatures vanquished.

Notes
Turn   | Place    | Note
-------+----------+-------------------------------------------
     0 | D:1      | qw the Gargoyle Fighter began the quest for the Orb.
     0 | D:1      | Reached XP level 1. HP: 14/14 MP: 1/1
     0 | D:1      | 0 ||| qw: Version: 0.3-a-5-g6f28e65
     0 | D:1      | 0 ||| qw: Game counter: 439
     0 | D:1      | 0 ||| qw: Always use a shield: true
     0 | D:1      | 0 ||| qw: God list: Okawaru
     0 | D:1      | 0 ||| qw: Allow faded altars: false
     0 | D:1      | 0 ||| qw: Do Orc after D:15 true
     0 | D:1      | 0 ||| qw: Do second Lair branch before Depths: true
     0 | D:1      | 0 ||| qw: Lair rune preference: random
     0 | D:1      | 0 ||| qw: Plans: Normal, Zot:1-4, Slime:5, God:TSO, Crypt,
                  | Tomb, Abyss, Pan, Hells, Win
     0 | D:1      | 0 ||| PLANNING D:1-11
    39 | D:1      | Reached skill level 2 in Axes
   107 | D:1      | Reached XP level 2. HP: 19/19 MP: 2/2
   107 | D:1      | 107 ||| Stepping ~*~*~tactically~*~*~ (stealth).
   117 | D:1      | 117 ||| Stepping ~*~*~tactically~*~*~ (stealth).
   118 | D:1      | 118 ||| Stepping ~*~*~tactically~*~*~ (stealth).
   123 | D:1      | 123 ||| DROPPING +0 club.
   125 | D:1      | 125 ||| Stepping ~*~*~tactically~*~*~ (stealth).
   127 | D:1      | 127 ||| Stepping ~*~*~tactically~*~*~ (stealth).
   232 | D:1      | 232 ||| Stepping ~*~*~tactically~*~*~ (stealth).
   511 | D:1      | Reached skill level 3 in Axes
   520 | D:1      | Reached XP level 3. HP: 23/23 MP: 3/3
   584 | D:1      | 584 ||| Stepping ~*~*~tactically~*~*~ (hiding).
  1081 | D:1      | 1081 ||| READING scroll labelled KER GUDYOTE.
  1082 | D:1      | 1082 ||| READING scroll labelled MUEKALOFAM.
  1083 | D:1      | 1083 ||| READING scroll labelled YBLUL TIBYRES.
  1084 | D:1      | 1084 ||| DRINKING 2 orange potions.
  1294 | D:2      | Reached skill level 1 in Throwing
  1437 | D:2      | Reached XP level 4. HP: 28/28 MP: 4/4
  1509 | D:2      | 1509 ||| Stepping ~*~*~tactically~*~*~ (stealth).
  1705 | D:2      | 1705 ||| Stepping ~*~*~tactically~*~*~ (hiding).
  1729 | D:2      | 1729 ||| DROPPING +0 whip.
  1735 | D:2      | Noticed Natasha
  1736 | D:2      | 1736 ||| Stepping ~*~*~tactically~*~*~ (hiding).
  1738 | D:2      | 1738 ||| Stepping ~*~*~tactically~*~*~ (hiding).
  1739 | D:2      | 1739 ||| Stepping ~*~*~tactically~*~*~ (hiding).
  1744 | D:2      | Reached skill level 4 in Axes
  1754 | D:2      | Killed Natasha
  1755 | D:2      | Reached XP level 5. HP: 31/32 MP: 5/5
  1909 | D:2      | Noticed Natasha
  1910 | D:2      | 1910 ||| Stepping ~*~*~tactically~*~*~ (hiding).
  1914 | D:2      | Killed Natasha
  2281 | D:2      | 2281 ||| UPGRADING to +0 pair of boots.
  2286 | D:2      | 2286 ||| UPGRADING to +1 hat.
  2291 | D:2      | 2291 ||| READING scroll labelled XADITA LIMIMYR.
  2292 | D:2      | 2292 ||| READING scroll labelled NIATA COLI.
  2293 | D:2      | 2293 ||| DRINKING 2 bubbling grey potions.
  2400 | D:3      | 2400 ||| Stepping ~*~*~tactically~*~*~ (hiding).
  2578 | D:3      | 2578 ||| Stepping ~*~*~tactically~*~*~ (stealth).
  3007 | D:4      | 3007 ||| Stepping ~*~*~tactically~*~*~ (hiding).
  3009 | D:4      | 3009 ||| Stepping ~*~*~tactically~*~*~ (hiding).
  3014 | D:4      | Reached skill level 5 in Axes
  3016 | D:4      | 3016 ||| Stepping ~*~*~tactically~*~*~ (hiding).
  3216 | D:4      | 3216 ||| Stepping ~*~*~tactically~*~*~ (hiding).
  3222 | D:4      | 3222 ||| DRINKING potion of curing.
  3222 | D:4      | 3222 ||| (to cure confusion)
  3236 | D:4      | Reached XP level 6. HP: 25/38 MP: 6/6
  3252 | D:4      | Reached skill level 1 in Dodging
  3524 | D:5      | Entered Level 5 of the Dungeon
  3583 | D:5      | Found Qixeenuo's Armour Shoppe.
  3599 | D:5      | 3599 ||| BUYING +1 pair of boots (149 gold).
  3599 | D:5      | Bought a +1 pair of boots for 149 gold pieces
  3599 | D:5      | 3599 ||| SHOPLISTING +1 pair of gloves "Cagumemm" {Dex+3
                  | Slay+5} (569 gold, have 36).
  3599 | D:5      | 3599 ||| SHOPLISTING +4 ring mail of Umotir {rPois rCorr}
                  | (530 gold, have 36).
  4050 | D:5      | Reached skill level 6 in Axes
  4050 | D:5      | Reached XP level 7. HP: 43/43 MP: 7/7
  4335 | D:5      | 4335 ||| UPGRADING to +1 pair of boots.
  4345 | D:5      | 4345 ||| DROPPING +0 pair of boots.
  4346 | D:5      | 4346 ||| DROPPING scarf of invisibility.
  4347 | D:5      | 4347 ||| UPGRADING to +0 chain mail.
  4357 | D:5      | 4357 ||| DROPPING +0 scale mail.
  4358 | D:5      | 4358 ||| READING scroll labelled SOSYECAAFFO.
  4389 | D:5      | 4389 ||| DRINKING 2 fuming sapphire potions.
  4451 | D:6      | 4451 ||| Stepping ~*~*~tactically~*~*~ (stealth).
  4452 | D:6      | 4452 ||| Stepping ~*~*~tactically~*~*~ (stealth).
  4506 | D:6      | Identified the +9 shortbow of a Million Prophets {drain,
                  | rPois rF+ rC-}
  4507 | D:6      | 4507 ||| Stepping ~*~*~tactically~*~*~ (stealth).
  4509 | D:6      | 4509 ||| FLEEEEING.
  4511 | D:6      | 4511 ||| FLEEEEING.
  4512 | D:6      | 4512 ||| FLEEEEING.
  4513 | D:6      | 4513 ||| FLEEEEING.
  4514 | D:6      | 4514 ||| FLEEEEING.
  4515 | D:6      | 4515 ||| FLEEEEING.
  4516 | D:6      | 4516 ||| FLEEEEING.
  4517 | D:6      | 4517 ||| FLEEEEING.
  4725 | D:6      | Noticed a yak
  4727 | D:6      | Noticed a yak
  4727 | D:6      | Noticed a yak
  4729 | D:6      | Noticed a yak
  4736 | D:6      | HP: 9/43 [yak (9)]
  4739 | D:6      | HP: 2/43 [yak (6)]
  4741 | D:6      | Slain by a yak

Levels and vault maps discovered:
D:1:      eino_arrival_cavern_d, layout_loops_corners, serial_rivers,
          chequers_serial_rivers_marsh, chequers_serial_rivers_small_b,
          chequers_serial_rivers_room_b, chequers_serial_rivers_small_3,
          minmay_domino_4
D:2:      minmay_general_purpose_star, layout_basic, uniq_natasha
D:3:      layout_loops_ring
D:4:      layout_rooms
D:5:      layout_loops_ring, serial_shops, nicolae_shop_tiny_statue_garden
D:6:      layout_basic

Skill      XL: |  1  2  3  4  5  6 |
---------------+-------------------+-----
Axes           | 2 3 4 5 6 |  6.9
Throwing       | 1 |  1.0
Fighting       | 4 |  4.0
Dodging        | 1 |  1.0
Armour         | |  3.2
Shields        | |  3.2

Action                     |  1- 3 |  4- 6 |  7- 9 || total
---------------------------+-------+-------+-------++-------
  Melee: War axe           |    52 |   132 |    34 ||   218
  Throw: Javelin           |    36 |    60 |    10 ||   106
         Boomerang         |       |    10 |     4 ||    14
    Use: Scroll            |     3 |     2 |     1 ||     6
         Potion            |     1 |     2 |     1 ||     4
 Armour: Scale mail        |    29 |    75 |     7 ||   111
         Chain mail        |       |       |    26 ||    26
  Dodge: Dodged            |    17 |    48 |    15 ||    80
  Block: Buckler           |    10 |    20 |    10 ||    40

Table legend:
 A = Non-vault XP
 B = Vault XP
 C = Vault XP percentage of total XP
 D = Non-vault monster count
 E = Vault monster count
 F = Vault count percentage of total count
                 A         B        C        D         E       F
            +---------+---------+-------+---------+---------+-------
      Total |     865 |      64 |   6.9 |      93 |       9 |   8.8
            +---------+---------+-------+---------+---------+-------
        D:1 |      36 |       6 |  14.3 |      20 |       3 |  13.0
        D:2 |     105 |      58 |  35.6 |      21 |       6 |  22.2
        D:3 |      49 |       0 |   0.0 |      20 |       0 |   0.0
        D:4 |     145 |       0 |   0.0 |      17 |       0 |   0.0
        D:5 |     353 |       0 |   0.0 |      11 |       0 |   0.0
        D:6 |     177 |       0 |   0.0 |       4 |       0 |   0.0
            +---------+---------+-------+---------+---------+-------
